 Dungeon Crawl Stone Soup version 0.31-a0-188-g5e087ee2ca (webtiles) character file.

Game seed: 1399718005148429759

15 qw the Shooter (level 2, -2/16 HPs)
             Began as a Deep Elf Hunter on June 23, 2023.
             Slain by Sigmund
             ... wielding a +0 scythe
              (10 damage)
             ... on level 2 of the Dungeon.
             The game lasted 00:00:11 (629 turns).

qw the Shooter (Deep Elf Hunter)                     Turns: 629, Time: 00:00:12

Health: -2/16      AC:  6    Str:  8    XL:     2   Next: 34%
Magic:  4/4        EV:  8    Int: 13    God:
Gold:   42         SH:  0    Dex: 18    Spells: 1/1 levels left

rFire   . . .        Y - +0 shortbow
rCold   . . .        (shield currently unavailable)
rNeg    . . .        d - +0 scale mail
rPois   .            (no helmet)
rElec   .            (no cloak)
rCorr   .            (no gloves)
SInv    .            (no boots)
Will    .....        (no amulet)
Stlth   +            (no ring)
HPRegen 0.22/turn    (no ring)
MPRegen 0.09/turn

%: no passive effects
@: no status effects
A: no striking features
a: no special abilities


You were on level 2 of the Dungeon.
You visited 1 branch of the dungeon, and saw 2 of its levels.

You collected 42 gold pieces.


   Skills:
 - Level 1.5 Fighting
 + Level 6.2 Ranged Weapons
 - Level 2.4 Dodging
 - Level 1.2 Stealth


You had one spell level left.
You didn't know any spells.
Your spell library was empty.

Inventory:

Hand Weapons
 Y - a +0 shortbow (weapon)
Armour
 d - a +0 scale mail (worn)
Scrolls
 a - a scroll of immolation {unknown}
 b - a scroll of identify
Potions
 i - a potion of magic {unknown}

Dungeon Overview and Level Annotations

Branches:
Dungeon (2/15)

Altars:
Xom

Shops:
D:1 !

Annotations:
D:2 Sigmund


Message History

It was a scroll of noise.
Done exploring.
582 ||| DROPPING scroll of butterflies.
You drop a scroll of butterflies.
Done exploring.
(D) Dungeon
Where to? (* - list waypoints, ? - help)
What level of the Dungeon? (default 1, ? - help)
There is a stone staircase leading down here.
You climb downwards.
Found a scroll labelled LUGYSCH UPLEVA.
There is a stone staircase leading up here.
Waypoint 1 assigned to D:2.
a - a scroll labelled LUGYSCH UPLEVA A kobold comes into view.
It is wielding a +0 short sword.
The kobold shouts!
You shoot an arrow.
The arrow hits the kobold but does no damage.
You shoot an arrow. The arrow hits the kobold.
You kill the kobold!
Found a shimmering altar of Xom.
You now have enough gold to buy a potion of curing on D:1.
You can access your shopping list by pressing '$'.
You now have 42 gold pieces (gained 4).
b - a scroll of identify Sigmund the Dreaded comes into view.
He is wielding a +0 scythe.
Sigmund shouts!
Sigmund gestures at you while chanting. The magic dart hits you!
Ouch! That really hurt!
You shoot an arrow. The arrow hits Sigmund.
Sigmund is lightly wounded.
You start resting.
Sigmund is nearby!
You shoot an arrow. The arrow closely misses Sigmund.
You shoot an arrow. The arrow hits Sigmund.
Sigmund is moderately wounded.
You shoot an arrow. The arrow barely misses Sigmund.
Sigmund hits you from afar with a +0 scythe!
Ouch! That really hurt!
You die...

#...###.### #..
##.# #.# ##..#
#..##...##
.........#####.#
.#.............#
#.#.#......####.#
.....#...#.#####.
..#.@.@.........#
.....##..#.#####..
.#.## #..#.#
#..#.# #..#.#
...#.. ......#
......#


You could see Sigmund.

Vanquished Creatures
  A dart slug (D:1)
  A bat (D:1)
  2 goblins (D:1)
  2 hobgoblins (D:1)
  A quokka (D:1)
  A ball python (D:1)
  2 kobolds
  2 rats (D:1)
12 creatures vanquished.

Notes
Turn   | Place    | Note
-------+----------+-------------------------------------------
     0 | D:1      | qw the Deep Elf Hunter began the quest for the Orb.
     0 | D:1      | Reached XP level 1. HP: 12/12 MP: 3/3
     0 | D:1      | 0 ||| qw: Version: 0.3-a-9-g12657ce
     0 | D:1      | 0 ||| qw: Game counter: 4141
     0 | D:1      | 0 ||| qw: Always use a shield: true
     0 | D:1      | 0 ||| qw: God list: Okawaru
     0 | D:1      | 0 ||| qw: Allow faded altars: false
     0 | D:1      | 0 ||| qw: Do Orc after D:15 true
     0 | D:1      | 0 ||| qw: Do second Lair branch before Depths: true
     0 | D:1      | 0 ||| qw: Lair rune preference: random
     0 | D:1      | 0 ||| qw: Plans: Normal
     0 | D:1      | 0 ||| PLANNING D:1-11
   201 | D:1      | Reached skill level 6 in Ranged Weapons
   201 | D:1      | Reached XP level 2. HP: 16/16 MP: 4/4
   358 | D:1      | Found Tany's Distillery.
   368 | D:1      | 368 ||| SHOPLISTING potion of curing (42 gold, have 38).
   368 | D:1      | 368 ||| SHOPLISTING potion of haste (140 gold, have 38).
   368 | D:1      | 368 ||| SHOPLISTING potion of heal wounds (70 gold, have
                  | 38).
   567 | D:1      | 567 ||| UPGRADING to +0 scale mail.
   577 | D:1      | 577 ||| DROPPING +0 leather armour.
   578 | D:1      | 578 ||| DROPPING scarf of harm.
   579 | D:1      | 579 ||| DROPPING ring of wizardry.
   580 | D:1      | 580 ||| READING scroll labelled WIYRACZ PORGHEXU.
   581 | D:1      | 581 ||| READING scroll labelled YBIRES CUDUAX.
   582 | D:1      | 582 ||| DROPPING scroll of butterflies.
   606 | D:2      | Found a shimmering altar of Xom.
   624 | D:2      | Noticed Sigmund
   629 | D:2      | Slain by Sigmund

Levels and vault maps discovered:
D:1:      amcnicky_arrival_flooded_fountain, layout_basic, serial_shops,
          nicolae_shop_tiny_waterfront, chequers_serial_rivers_micro_d,
          minmay_misc_feat_alley
D:2:      layout_loops_ring, serial_shops, shop, basic_altar, nicolae_titane,
          uniq_natasha, uniq_sigmund

Skill      XL: |  1 |
---------------+----+-----
Ranged Weapons | 6 |  6.2
Fighting       | |  1.5
Dodging        | |  2.4
Stealth        | |  1.2

Action                     || total
---------------------------++-------
   Fire: Shortbow          ||    26
    Use: Scroll            ||     2

Table legend:
 A = Non-vault XP
 B = Vault XP
 C = Vault XP percentage of total XP
 D = Non-vault monster count
 E = Vault monster count
 F = Vault count percentage of total count
                 A         B        C        D         E       F
            +---------+---------+-------+---------+---------+-------
      Total |      22 |       0 |   0.0 |      12 |       0 |   0.0
            +---------+---------+-------+---------+---------+-------
        D:1 |      20 |       0 |   0.0 |      11 |       0 |   0.0
        D:2 |       2 |       0 |   0.0 |       1 |       0 |   0.0
            +---------+---------+-------+---------+---------+-------
